[Event "2015 Canadian Closed"]
[Site "Guelph, Ontario"]
[Date "2015.07.12"]
[Round "4.11"]
[White "Zhou, Qiyu"]
[Black "Barron, Michael"]
[Result "1/2-1/2"]
[ECO "A85"]
[WhiteElo "2221"]
[BlackElo "2306"]
[PlyCount "83"]
[EventDate "2015.??.??"]
[SourceDate "2015.07.10"]
[TimeControl "40/5400+30:1800+30"]

1. d4 f5 2. c4 Nf6 3. Nc3 d6 4. Bg5 Nbd7 5. Qc2 g6 6. h4 Bg7 7. O-O-O O-O 8.
Nh3 Re8 9. e3 c6 10. Be2 Qc7 11. h5 e5 12. hxg6 hxg6 13. Rdg1 Nh7 14. g4 Ndf8
15. dxe5 dxe5 16. c5 Kh8 17. gxf5 Bxf5 18. e4 Be6 19. Be3 Kg8 20. Kb1 b5 21. b3
a5 22. Bg4 Bf7 23. Qc1 Qe7 24. Rd1 Red8 25. Rxd8 Rxd8 26. Rd1 Nf6 27. Bf3 Ne6
28. Ng5 Nd4 29. Nxf7 Kxf7 30. Bxd4 exd4 31. Ne2 d3 32. Nf4 Nxe4 33. Rxd3 Rxd3
34. Nxd3 Nc3+ 35. Kc2 Qf6 36. Qf4 Qxf4 37. Nxf4 Nxa2 38. Nd3 Nb4+ 39. Nxb4 axb4
40. Bxc6 Bd4 41. Bxb5 Bxc5 42. f3 1/2-1/2

[Event "2015 Canadian Closed"]
[Site "Guelph, Ontario"]
[Date "2015.07.12"]
[Round "4.12"]
[White "Dougherty, Michael"]
[Black "Shi, Diwen"]
[Result "1/2-1/2"]
[ECO "E51"]
[WhiteElo "2285"]
[BlackElo "2214"]
[PlyCount "98"]
[EventDate "2015.??.??"]
[SourceDate "2015.07.10"]
[TimeControl "40/5400+30:1800+30"]

1. d4 Nf6 2. c4 e6 3. Nf3 d5 4. Nc3 Bb4 5. e3 O-O 6. a3 Bxc3+ 7. bxc3 c5 8.
cxd5 Qxd5 9. c4 Qd8 10. Bd3 Qc7 11. O-O b6 12. Bb2 Nbd7 13. d5 Qd6 14. e4 e5
15. Nh4 g6 16. g3 Qe7 17. Qd2 Ne8 18. Rae1 Nd6 19. f4 f6 20. Nf3 Ba6 21. fxe5
Nxe5 22. Nxe5 fxe5 23. Qc3 Rae8 24. Bc1 Qg7 25. a4 Bc8 26. Kg2 Nb7 27. Rxf8+
Rxf8 28. Rf1 Rxf1 29. Bxf1 Qf6 30. Bf4 Nd6 31. Qxe5 Qxe5 32. Bxe5 Nxe4 33. Bd3
Nd2 34. Bf4 Nb3 35. Bb8 a5 36. Bc7 Bd7 37. Bc2 Nd2 38. Bxb6 Nxc4 39. Bxc5 Nb2
40. Bb3 Kf7 41. Kf3 Bxa4 42. d6+ Ke8 43. Be6 Bd7 44. Bg8 Nd3 45. Bb6 a4 46. Ke4
Kf8 47. Bc4 Nc1 48. Bd4 Nb3 49. Bf6 Nd2+ 1/2-1/2

[Event "2015 Canadian Closed"]
[Site "Guelph, Ontario"]
[Date "2015.07.12"]
[Round "4.13"]
[White "Doknjas, Joshua"]
[Black "Yam, Alex"]
[Result "0-1"]
[ECO "B01"]
[WhiteElo "2083"]
[BlackElo "2384"]
[PlyCount "118"]
[EventDate "2015.??.??"]
[SourceDate "2015.07.10"]
[TimeControl "40/5400+30:1800+30"]

1. e4 d5 2. exd5 Nf6 3. Bb5+ Bd7 4. Bc4 Bg4 5. f3 Bc8 6. Nc3 Nbd7 7. d4 Nb6 8.
Bb3 a5 9. a3 a4 10. Ba2 Nbxd5 11. Nxd5 Nxd5 12. c4 Nb6 13. Be3 Bf5 14. Ne2 e6
15. O-O Be7 16. Qd2 O-O 17. Ng3 Bg6 18. Rad1 c6 19. Qf2 Ra6 20. f4 Bh4 21. Qe2
f5 22. Nh1 Kh8 23. Nf2 Bxf2+ 24. Bxf2 Bf7 25. Rfe1 Re8 26. h3 Nd7 27. Bb1 Qb8
28. Qe3 b5 29. c5 b4 30. g4 Ra8 31. Qf3 fxg4 32. hxg4 Nf6 33. Re5 bxa3 34. bxa3
Qb3 35. Re3 Qd5 36. Qxd5 exd5 37. g5 Ne4 38. Rde1 Bg6 39. Bc2 Reb8 40. Rb1
Rxb1+ 41. Bxb1 Rb8 42. Bxe4 dxe4 43. Be1 Rb1 44. Kf2 Kg8 45. Bb4 Kf7 46. Re1
Rb3 47. Re3 Ke6 48. Rc3 Kd5 49. Ke3 h5 50. gxh6 gxh6 51. Rxb3 axb3 52. Bc3 h5
53. a4 Kc4 54. Bb2 Kb4 55. Bc1 Kxa4 56. f5 Bxf5 57. Kf4 Bg6 58. d5 cxd5 59. c6
Be8 0-1

[Event "2015 Canadian Closed"]
[Site "Guelph, Ontario"]
[Date "2015.07.12"]
[Round "4.14"]
[White "Song, Guannan Terry"]
[Black "Doknjas, John"]
[Result "1/2-1/2"]
[ECO "B90"]
[WhiteElo "2202"]
[BlackElo "2316"]
[PlyCount "110"]
[EventDate "2015.??.??"]
[SourceDate "2015.07.10"]
[TimeControl "40/5400+30:1800+30"]

1. e4 c5 2. Nc3 a6 3. Nf3 d6 4. d4 cxd4 5. Nxd4 Nf6 6. Be3 e5 7. Nb3 Be7 8. f3
Be6 9. Qd2 O-O 10. O-O-O Nbd7 11. g4 b5 12. Rg1 b4 13. Nd5 Bxd5 14. exd5 a5 15.
g5 Nh5 16. Kb1 Qc7 17. Bb5 Nb6 18. Nc5 Nxd5 19. Qxd5 dxc5 20. Bd3 g6 21. Qc4
Rad8 22. h4 a4 23. Rg4 Rd7 24. Rf1 a3 25. Re1 axb2 26. Kxb2 Qa5 27. Qb3 Ra8 28.
Kb1 Bf8 29. Bc1 Bg7 30. Bb2 Qc7 31. Rge4 Re7 32. Bc1 Qd6 33. f4 Raa7 34. fxe5
Rxe5 35. Bb2 Rxe4 36. Rxe4 Re7 37. Qa4 Bxb2 38. Qa8+ Kg7 39. Kxb2 Nf4 40. Bc4
Rxe4 41. Qxe4 h6 42. gxh6+ Kxh6 43. Qe8 Qf6+ 44. Kb3 Kg7 45. Ka4 Ng2 46. Qb5
Nxh4 47. Qxc5 Nf5 48. Kxb4 Nd6 49. Qe3 Nxc4 50. Kxc4 Qc6+ 51. Kb3 Qb5+ 52. Kc3
g5 53. Qd4+ f6 54. a4 Qa5+ 55. Kd3 Kg6 1/2-1/2

[Event "2015 Canadian Closed"]
[Site "Guelph, Ontario"]
[Date "2015.07.12"]
[Round "4.15"]
[White "Kiviaho, Robert"]
[Black "Jung, Hans"]
[Result "1-0"]
[ECO "B96"]
[WhiteElo "2161"]
[BlackElo "2294"]
[PlyCount "57"]
[EventDate "2015.??.??"]
[SourceDate "2015.07.10"]
[TimeControl "40/5400+30:1800+30"]

1. e4 c5 2. Nf3 d6 3. d4 cxd4 4. Nxd4 Nf6 5. Nc3 a6 6. Bg5 e6 7. f4 h6 8. Bh4
g5 9. fxg5 Nh7 10. Qd2 hxg5 11. Bg3 Nf6 12. Be2 Nh5 13. Bxh5 Rxh5 14. O-O-O g4
15. Kb1 e5 16. Nf5 Bxf5 17. exf5 Nd7 18. Rhf1 Nf6 19. Nd5 Nxd5 20. Qxd5 Qc7 21.
Qe4 Rg5 22. Rd3 Qc6 23. Qe3 Bh6 24. Qe2 Qb5 25. Bf4 Rh5 26. Qxg4 O-O-O 27. Qxh5
Bxf4 28. Qxf7 Kb8 29. Qd5 1-0

[Event "2015 Canadian Closed"]
[Site "Guelph, Ontario"]
[Date "2015.07.12"]
[Round "4.16"]
[White "Filipovich, David"]
[Black "Hamilton, Robert"]
[Result "1/2-1/2"]
[ECO "A07"]
[WhiteElo "2198"]
[BlackElo "2279"]
[PlyCount "90"]
[EventDate "2015.??.??"]
[SourceDate "2015.07.10"]
[TimeControl "40/5400+30:1800+30"]

1. Nf3 d5 2. g3 g6 3. Bg2 Bg7 4. O-O e5 5. d3 c5 6. c4 d4 7. e3 Ne7 8. exd4
cxd4 9. Re1 f6 10. b4 O-O 11. Nbd2 Na6 12. Rb1 Rb8 13. a4 b6 14. Ba3 Bb7 15.
Nb3 Nc7 16. b5 Re8 17. a5 Bf8 18. Qd2 Ba8 19. Bb4 Qd7 20. Ra1 Ne6 21. axb6 axb6
22. Ra2 g5 23. Rea1 Bb7 24. Ne1 Nc8 25. Bxf8 Rxf8 26. Qb4 g4 27. h4 gxh3 28.
Bxh3 Qf7 29. c5 Ng5 30. Bg2 Bxg2 31. Kxg2 bxc5 32. Nxc5 Rb6 33. Qc4 Rd8 34. f4
exf4 35. gxf4 Ne6 36. Nxe6 Rxe6 37. Ra8 Ree8 38. Qxf7+ Kxf7 39. Rc1 Nd6 40.
Rxd8 Rxd8 41. b6 Ke6 42. Nf3 Kd5 43. Rb1 Kc5 44. Rc1+ Kd5 45. Rb1 Kc5 1/2-1/2

[Event "2015 Canadian Closed"]
[Site "Guelph, Ontario"]
[Date "2015.07.12"]
[Round "4.17"]
[White "Cai, Jason"]
[Black "Noritsyn, Sergey"]
[Result "0-1"]
[ECO "B01"]
[WhiteElo "2254"]
[BlackElo "2090"]
[PlyCount "78"]
[EventDate "2015.??.??"]
[SourceDate "2015.07.10"]
[TimeControl "40/5400+30:1800+30"]

1. e4 d5 2. exd5 Qxd5 3. Nc3 Qa5 4. d4 c6 5. Bd2 Bf5 6. Bc4 e6 7. d5 cxd5 8.
Nxd5 Qd8 9. Qe2 Nc6 10. O-O-O Nge7 11. Ne3 Bg6 12. Nf3 Qc7 13. Bc3 a6 14. a4
Na5 15. Ba2 Nac6 16. Kb1 Rc8 17. Nd2 Nf5 18. Nd5 Qb8 19. Nb6 Nfd4 20. Qg4 Bxc2+
21. Ka1 Bf5 22. Qg5 h6 23. Qg3 Bd6 24. Qh4 g5 25. Qh5 Nc2+ 26. Kb1 N6b4 27.
Bxb4 Nxb4+ 28. Ka1 Nc2+ 29. Kb1 Ne3+ 30. Ka1 Bg4 31. Qxg4 Nxg4 32. Nxc8 Qxc8
33. Ne4 Be5 34. Rc1 Qb8 35. f3 Nf6 36. Bb1 Nxe4 37. Bxe4 f5 38. Bb1 O-O 39. Ba2
Re8 0-1

[Event "2015 Canadian Closed"]
[Site "Guelph, Ontario"]
[Date "2015.07.12"]
[Round "4.18"]
[White "Chen, Richard"]
[Black "Zhong, Joey"]
[Result "1-0"]
[ECO "C45"]
[WhiteElo "2297"]
[BlackElo "2114"]
[PlyCount "40"]
[EventDate "2015.??.??"]
[SourceDate "2015.07.10"]
[TimeControl "40/5400+30:1800+30"]

1. e4 e5 2. Nf3 Nc6 3. d4 exd4 4. Nxd4 Bc5 5. Be3 Qf6 6. c3 Nge7 7. Bc4 O-O 8.
O-O b6 9. f4 d5 10. exd5 Na5 11. Bd3 Nxd5 12. Qh5 Rd8 13. Qxh7+ Kf8 14. Bf2
Nxf4 15. Nd2 Qg5 16. Be1 Bb7 17. Bh4 Bxd4+ 18. cxd4 Ne2+ 19. Kh1 Qh6 20. Qxh6
gxh6 1-0

[Event "2015 Canadian Closed"]
[Site "Guelph, Ontario"]
[Date "2015.07.12"]
[Round "4.19"]
[White "Li, Yinshi"]
[Black "Drkulec, Vlad"]
[Result "1-0"]
[ECO "D71"]
[WhiteElo "2211"]
[BlackElo "1950"]
[PlyCount "91"]
[EventDate "2015.??.??"]
[SourceDate "2015.07.10"]
[TimeControl "40/5400+30:1800+30"]

1. d4 Nf6 2. c4 g6 3. Nc3 d5 4. cxd5 Nxd5 5. g3 Nxc3 6. bxc3 Bg7 7. Bg2 O-O 8.
e3 c5 9. Ne2 Nc6 10. O-O Qc7 11. Ba3 cxd4 12. cxd4 Rd8 13. Rc1 Qa5 14. Qb3 Qa6
15. Nc3 Na5 16. Qb5 Qxb5 17. Nxb5 Bf8 18. Bc5 b6 19. Bxa8 bxc5 20. dxc5 Ba6 21.
Rfd1 Rxa8 22. Nc7 Bb7 23. Nxa8 Bxa8 24. Rd8 Bf3 25. Rb1 Nc6 26. Rc8 Kg7 27. Rb7
e6 28. Rcc7 Kg8 29. Rxf7 Nd8 30. Rxf3 Nxb7 31. c6 Nd6 32. c7 Nc8 33. e4 Bd6 34.
Rb3 Bxc7 35. Rc3 Bb6 36. Rxc8+ Kf7 37. e5 g5 38. Kg2 g4 39. f3 h5 40. fxg4 hxg4
41. Rc4 Kg6 42. Rxg4+ Kf5 43. Rb4 Kxe5 44. Rxb6 axb6 45. Kf3 Kd4 46. Ke2 1-0

[Event "2015 Canadian Closed"]
[Site "Guelph, Ontario"]
[Date "2015.07.12"]
[Round "4.20"]
[White "Surya, Benito"]
[Black "Manley, Jason"]
[Result "1/2-1/2"]
[ECO "C00"]
[WhiteElo "1938"]
[BlackElo "2164"]
[PlyCount "125"]
[EventDate "2015.??.??"]
[SourceDate "2015.07.10"]
[TimeControl "40/5400+30:1800+30"]

1. e4 e6 2. Nf3 d5 3. e5 c5 4. b4 cxb4 5. a3 Nc6 6. axb4 Bxb4 7. c3 Be7 8. d4
Bd7 9. Bd3 f6 10. Bf4 fxe5 11. dxe5 Qc7 12. Qe2 O-O-O 13. O-O Rf8 14. Be3 Nxe5
15. Nxe5 Qxe5 16. Rxa7 Bc6 17. Bb5 Qd6 18. Bxc6 Qxc6 19. Rc1 e5 20. Na3 Nf6 21.
c4 d4 22. Bg5 Bxa3 23. Rxa3 Re8 24. Rb1 Qe4 25. Qb2 Rhf8 26. Ra7 Rf7 27. Bxf6
gxf6 28. Qb5 Rfe7 29. Ra8+ Kc7 30. Qa5+ Kd7 31. Rxb7+ Qxb7 32. Ra7 Qxa7 33.
Qxa7+ Ke6 34. Qa2 Kf7 35. Kf1 Rc7 36. c5+ Kg7 37. Qa3 Rec8 38. Qg3+ Kf7 39. Qh3
Rxc5 40. Qxh7+ Ke6 41. f4 d3 42. Qh3+ f5 43. fxe5 R8c6 44. Qh6+ Kxe5 45. Qe3+
Kf6 46. Qh6+ Ke7 47. Qg7+ Kd6 48. Qd4+ Kc7 49. Qg7+ Kb6 50. Qb2+ Ka6 51. Qa3+
Kb7 52. Qb3+ Kc7 53. Qf7+ Kd6 54. Qf6+ Kd5 55. Qxf5+ Kc4 56. Qe4+ Kc3 57. Qe3
Kc2 58. Qe4 Rf6+ 59. Kg1 Rcf5 60. Qc4+ Kd2 61. Qb4+ Kd1 62. Qa4+ Kd2 63. Qb4+
1/2-1/2

[Event "2015 Canadian Closed"]
[Site "Guelph, Ontario"]
[Date "2015.07.12"]
[Round "4.21"]
[White "Doknjas, Neil"]
[Black "Piccinin, Mario"]
[Result "0-1"]
[ECO "B00"]
[WhiteElo "1789"]
[BlackElo "2068"]
[PlyCount "102"]
[EventDate "2015.??.??"]
[SourceDate "2015.07.10"]
[TimeControl "40/5400+30:1800+30"]

1. e4 Nc6 2. Nf3 f5 3. exf5 d5 4. Bb5 Bxf5 5. Nh4 Bd7 6. Qh5+ g6 7. Nxg6 Nf6 8.
Qh4 hxg6 9. Qxh8 Nd4 10. Bd3 Bf5 11. Na3 Qd6 12. O-O Bxd3 13. cxd3 Qf4 14. Qh3
Ng4 15. f3 Ne5 16. Kh1 Nxd3 17. Qg3 g5 18. Qxf4 gxf4 19. b3 e5 20. Rb1 Bb4 21.
g4 O-O-O 22. Bb2 Nxb2 23. Rxb2 Bxa3 24. Rbb1 a5 25. d3 Rh8 26. Kg2 Kd7 27. Rh1
Rh4 28. h3 b6 29. Kf2 Bc5 30. Kg2 Nc2 31. a4 Ne3+ 32. Kh2 Ke6 33. Rb2 e4 34.
dxe4 dxe4 35. fxe4 Nxg4+ 36. Kg2 Ne3+ 37. Kf3 Bd4 38. Rd2 Ke5 39. Rdh2 c5 40.
Rg1 c4 41. bxc4 Nxc4 42. Rg5+ Ke6 43. Rg8 Ne5+ 44. Ke2 f3+ 45. Kf1 Rxe4 46. Rd2
Bc5 47. Rg3 Rxa4 48. Rd1 Ra2 49. h4 Rf2+ 50. Ke1 Rh2 51. Rg5 Be3 0-1

[Event "2015 Canadian Closed"]
[Site "Guelph, Ontario"]
[Date "2015.07.12"]
[Round "5.8"]
[White "Humphreys, Michael"]
[Black "Plotkin, Victor"]
[Result "1/2-1/2"]
[ECO "D27"]
[WhiteElo "2348"]
[BlackElo "2400"]
[PlyCount "85"]
[EventDate "2015.??.??"]
[SourceDate "2015.07.10"]
[TimeControl "40/5400+30:1800+30"]

1. d4 d5 2. c4 dxc4 3. e3 Nf6 4. Bxc4 e6 5. Nf3 c5 6. O-O a6 7. dxc5 Bxc5 8.
Qxd8+ Kxd8 9. Ne5 Ke7 10. Be2 b5 11. a4 Bd6 12. Nf3 b4 13. Nd4 e5 14. Nb3 Be6
15. N1d2 Rc8 16. Na5 Nc6 17. Nac4 Bc7 18. Nb3 e4 19. Bd2 Nd5 20. Nc5 Ne5 21.
Nxa6 Nxc4 22. Bxc4 Bxh2+ 23. Kxh2 Rxc4 24. Nxb4 Rxb4 25. Bxb4+ Nxb4 26. a5 Kd6
27. Rfd1+ Nd3 28. Ra4 Bd5 29. Rd2 Kc5 30. Rd4 Bc6 31. Rc2+ Kb5 32. b4 Rb8 33.
Rcc4 Rb7 34. Rc2 Nxb4 35. Rxb4+ Kxb4 36. Rxc6 Kxa5 37. Rc4 Re7 38. g4 Kb5 39.
Rd4 Kc5 40. Kg3 g5 41. Rd8 Re6 42. Rd7 Rf6 43. Rd4 1/2-1/2

[Event "2015 Canadian Closed"]
[Site "Guelph, Ontario"]
[Date "2015.07.12"]
[Round "5.9"]
[White "Yam, Alex"]
[Black "Dougherty, Michael"]
[Result "1-0"]
[ECO "E90"]
[WhiteElo "2384"]
[BlackElo "2285"]
[PlyCount "63"]
[EventDate "2015.??.??"]
[SourceDate "2015.07.10"]
[TimeControl "40/5400+30:1800+30"]

1. e4 g6 2. d4 Bg7 3. c4 d6 4. Nc3 Nf6 5. Nf3 O-O 6. h3 e5 7. d5 Na6 8. Bd3 Nh5
9. g3 Qe8 10. Nh4 Nc5 11. Be2 Nf6 12. Qc2 a5 13. Be3 a4 14. O-O-O a3 15. b3 Na6
16. Kb1 Nd7 17. Rdg1 Ndc5 18. g4 c6 19. Qd2 Nb4 20. Nf5 Bxf5 21. gxf5 cxd5 22.
cxd5 Qd8 23. h4 Qa5 24. h5 Rfc8 25. Bc4 Nxa2 26. Kxa2 b5 27. Nxb5 Nxb3 28. Bxb3
Qxb5 29. hxg6 fxg6 30. fxg6 h6 31. Bxh6 Bxh6 32. Rxh6 1-0

[Event "2015 Canadian Closed"]
[Site "Guelph, Ontario"]
[Date "2015.07.12"]
[Round "5.11"]
[White "Barron, Michael"]
[Black "Kiviaho, Robert"]
[Result "1-0"]
[ECO "B70"]
[WhiteElo "2306"]
[BlackElo "2161"]
[PlyCount "81"]
[EventDate "2015.??.??"]
[SourceDate "2015.07.10"]
[TimeControl "40/5400+30:1800+30"]

1. e4 c5 2. Nf3 d6 3. d4 cxd4 4. Nxd4 Nf6 5. Nc3 g6 6. Be2 Bg7 7. O-O O-O 8.
Kh1 Nc6 9. Nb3 Be6 10. Bg5 Rc8 11. f4 Na5 12. f5 Bc4 13. Bd3 b5 14. Nd2 b4 15.
Ne2 Qc7 16. Rc1 Qb7 17. b3 Bxd3 18. cxd3 Ng4 19. h3 Ne5 20. d4 Rxc1 21. Qxc1
Rc8 22. Qb1 Nec6 23. f6 exf6 24. Bxf6 Bxf6 25. Rxf6 Qe7 26. Qf1 Nd8 27. Rf2 Rc2
28. Nf4 Qg5 29. Qd3 Rc1+ 30. Kh2 h5 31. Nd5 h4 32. Nf1 Nac6 33. Nf6+ Kh8 34. d5
Ne5 35. Qb5 Nec6 36. Qa6 Nd4 37. Qxd6 Kg7 38. Qxd8 Qe5+ 39. Kh1 Nf5 40. Qg8+
Kxf6 41. Qh8+ 1-0

[Event "2015 Canadian Closed"]
[Site "Guelph, Ontario"]
[Date "2015.07.12"]
[Round "5.14"]
[White "Wan, Kevin"]
[Black "Song, Guannan Terry"]
[Result "1-0"]
[ECO "B90"]
[WhiteElo "2302"]
[BlackElo "2202"]
[PlyCount "59"]
[EventDate "2015.??.??"]
[SourceDate "2015.07.10"]
[TimeControl "40/5400+30:1800+30"]

1. e4 c5 2. Nf3 d6 3. d4 cxd4 4. Nxd4 Nf6 5. Nc3 a6 6. h3 e5 7. Nf3 Qc7 8. Be3
Be7 9. Qd2 h6 10. a4 Be6 11. Nd5 Nxd5 12. exd5 Bf5 13. c4 Nd7 14. Bd3 Bxd3 15.
Qxd3 O-O 16. g4 Rfc8 17. Nd2 b5 18. cxb5 axb5 19. Qxb5 Rab8 20. Qd3 Rxb2 21.
O-O Bg5 22. Bxg5 hxg5 23. Ne4 Nc5 24. Nxc5 Qxc5 25. a5 Qa7 26. a6 Rcc2 27. Qf5
Qe3 28. Qxc2 Qxh3 29. Qe4 f5 30. Qg2 1-0

[Event "2015 Canadian Closed"]
[Site "Guelph, Ontario"]
[Date "2015.07.12"]
[Round "5.16"]
[White "Hamilton, Robert"]
[Black "Li, Yinshi"]
[Result "1/2-1/2"]
[ECO "D43"]
[WhiteElo "2279"]
[BlackElo "2211"]
[PlyCount "81"]
[EventDate "2015.??.??"]
[SourceDate "2015.07.10"]
[TimeControl "40/5400+30:1800+30"]

1. d4 d5 2. c4 c6 3. Nf3 Nf6 4. Qb3 e6 5. Nc3 Bd6 6. Bg5 Nbd7 7. e3 O-O 8. Rc1
a6 9. a4 Qa5 10. Bxf6 Nxf6 11. Bd3 Bd7 12. c5 Be7 13. Qa3 b5 14. b4 Qc7 15. O-O
Rfb8 16. Ra1 Qb7 17. a5 Be8 18. Rfe1 Qc7 19. Rad1 Nh5 20. Qa2 f5 21. Bb1 Nf6
22. Ne5 Nd7 23. f4 Kh8 24. Qe2 Nf6 25. h3 Ne4 26. Bxe4 fxe4 27. Qg4 Qc8 28. Ne2
Bf6 29. Ng3 Ra7 30. Rf1 Bxe5 31. fxe5 Rf7 32. Ne2 Rxf1+ 33. Rxf1 Bg6 34. Nf4
Bf5 35. Qh4 Qe8 36. g4 Bg6 37. Qf2 Kg8 38. h4 Qe7 39. Qg3 Rf8 40. Kg2 Be8 41.
Rf2 1/2-1/2

[Event "2015 Canadian Closed"]
[Site "Guelph, Ontario"]
[Date "2015.07.12"]
[Round "5.18"]
[White "Jung, Hans"]
[Black "Cai, Jason"]
[Result "0-1"]
[ECO "A00"]
[WhiteElo "2294"]
[BlackElo "2254"]
[PlyCount "40"]
[EventDate "2015.??.??"]
[SourceDate "2015.07.10"]
[TimeControl "40/5400+30:1800+30"]

1. Nc3 d5 2. e4 d4 3. Nce2 e5 4. Ng3 Be6 5. d3 Nc6 6. a3 g6 7. f4 exf4 8. Bxf4
Bg7 9. Nf3 Nf6 10. Be2 O-O 11. Qd2 Ng4 12. O-O Nge5 13. Bh6 Nxf3+ 14. Bxf3 Ne5
15. Bxg7 Kxg7 16. Be2 c5 17. Qf4 Nd7 18. Nf5+ gxf5 19. exf5 Bd5 20. f6+ Qxf6
0-1

[Event "2015 Canadian Closed"]
[Site "Guelph, Ontario"]
[Date "2015.07.12"]
[Round "5.20"]
[White "Drkulec, Vlad"]
[Black "Piccinin, Mario"]
[Result "1-0"]
[ECO "A85"]
[WhiteElo "1950"]
[BlackElo "2068"]
[PlyCount "67"]
[EventDate "2015.??.??"]
[SourceDate "2015.07.10"]
[TimeControl "40/5400+30:1800+30"]

1. d4 f5 2. Nf3 Nf6 3. c4 d6 4. Nc3 g6 5. h4 h6 6. Qc2 Nc6 7. d5 Ne5 8. e4 Bg7
9. Nxe5 dxe5 10. exf5 Bxf5 11. Bd3 Qd7 12. f3 Bxd3 13. Qxd3 Qf5 14. Ne4 Nxe4
15. fxe4 Qg4 16. Qf3 Qxf3 17. gxf3 Rf8 18. Ke2 O-O-O 19. h5 g5 20. Be3 Rf7 21.
a4 Rdf8 22. Rhf1 a6 23. b4 Rf6 24. b5 c6 25. dxc6 axb5 26. cxb7+ Kxb7 27. axb5
R8f7 28. c5 Bf8 29. c6+ Kb8 30. Rfc1 e6 31. b6 Bd6 32. Rd1 Be7 33. b7 Rf8 34.
Rd7 1-0

[Event "2015 Canadian Closed"]
[Site "Guelph, Ontario"]
[Date "2015.07.13"]
[Round "6.1"]
[White "Sambuev, Bator"]
[Black "Peredun, Andrew"]
[Result "1-0"]
[ECO "D05"]
[WhiteElo "2642"]
[BlackElo "2406"]
[PlyCount "103"]
[EventDate "2015.??.??"]
[SourceDate "2015.07.10"]
[TimeControl "40/5400+30:1800+30"]

1. d4 d5 2. Nf3 Nf6 3. e3 e6 4. Bd3 c5 5. b3 Nc6 6. O-O Bd6 7. Bb2 O-O 8. a3 b6
9. Nbd2 Bb7 10. Qe2 Rc8 11. Ne5 Ne7 12. dxc5 Bxe5 13. Bxe5 Nd7 14. Bb2 Nxc5 15.
Qg4 Ng6 16. Bxg6 hxg6 17. Rac1 Qe7 18. f4 Ba6 19. Rf2 Rfd8 20. h4 Nd7 21. h5
Nf8 22. hxg6 f5 23. Qh5 Qe8 24. g4 fxg4 25. Qxg4 d4 26. Bxd4 Qxg6 27. Qxg6 Nxg6
28. Nf3 Bb7 29. Rg2 Rxd4 30. Nxd4 Bxg2 31. Kxg2 e5 32. fxe5 Nxe5 33. c4 Re8 34.
Rc3 Rf8 35. Kg3 Rf1 36. c5 bxc5 37. Rxc5 Nd3 38. Rc8+ Kh7 39. Rc7 a6 40. Ne6
Kh6 41. Ra7 Ne5 42. Nd4 Rf6 43. Re7 Nd3 44. e4 g6 45. Ne6 a5 46. Re8 g5 47. Nd4
Nc5 48. Re5 Nb7 49. Rd5 Kg6 50. e5 Rb6 51. Kg4 Ra6 52. Nf5 1-0

[Event "2015 Canadian Closed"]
[Site "Guelph, Ontario"]
[Date "2015.07.13"]
[Round "6.8"]
[White "Plotkin, Victor"]
[Black "Barron, Michael"]
[Result "1-0"]
[ECO "C50"]
[WhiteElo "2400"]
[BlackElo "2306"]
[PlyCount "77"]
[EventDate "2015.??.??"]
[SourceDate "2015.07.10"]
[TimeControl "40/5400+30:1800+30"]

1. e4 e5 2. Nf3 Nc6 3. Bc4 Bc5 4. d3 Nf6 5. Nc3 d6 6. h3 Be6 7. Bb3 O-O 8. O-O
Bxb3 9. axb3 d5 10. Bg5 d4 11. Nd5 Be7 12. Nxe7+ Qxe7 13. Nh4 h6 14. Nf5 Qe6
15. Bd2 Kh7 16. f4 Nd7 17. Qg4 Rg8 18. Qh4 Raf8 19. fxe5 Ndxe5 20. Kh1 a6 21.
Nxh6 gxh6 22. Rf6 Rg6 23. Rxe6 fxe6 24. Bf4 Rgf6 25. Bxe5 Nxe5 26. Qh5 Ng6 27.
Qc5 e5 28. Qxc7+ R8f7 29. Qc8 h5 30. c3 Rf2 31. cxd4 exd4 32. Rc1 Nf4 33. Rc7
Nxd3 34. Qxb7 Ne5 35. Rxf7+ Rxf7 36. Qd5 d3 37. Qxe5 d2 38. Qxh5+ Kg8 39. Qg5+
1-0

[Event "2015 Canadian Closed"]
[Site "Guelph, Ontario"]
[Date "2015.07.13"]
[Round "6.11"]
[White "Noritsyn, Sergey"]
[Black "Wan, Kevin"]
[Result "0-1"]
[ECO "C19"]
[WhiteElo "2090"]
[BlackElo "2302"]
[PlyCount "92"]
[EventDate "2015.??.??"]
[SourceDate "2015.07.10"]
[TimeControl "40/5400+30:1800+30"]

1. e4 e6 2. d4 d5 3. Nc3 Bb4 4. e5 c5 5. a3 Bxc3+ 6. bxc3 Ne7 7. Nf3 Nbc6 8.
Bd3 Qa5 9. Bd2 c4 10. Be2 Bd7 11. a4 Nd8 12. Qc1 Bxa4 13. Qa3 b5 14. Nh4 Ndc6
15. f4 Qc7 16. Qb2 Ng6 17. Nf3 f6 18. h4 Nge7 19. g4 O-O 20. h5 f5 21. g5 Qd7
22. Kf2 Rfb8 23. g6 h6 24. Rh2 Kf8 25. Ra2 Ke8 26. Qa3 Kd8 27. Ke3 Kc7 28. Bc1
Nc8 29. Qc5 a5 30. Bd1 Qe7 31. Ba3 b4 32. cxb4 axb4 33. Bxb4 Rxb4 34. Qxe7+
N6xe7 35. c3 Rb3 36. Bxb3 cxb3 37. Rab2 Nb6 38. Nd2 Nc4+ 39. Nxc4 dxc4 40. Rhf2
Bc6 41. Rf1 Be4 42. Kf2 Nd5 43. Rc1 Nxf4 44. Ke3 Nd3 45. Rcb1 Nxb2 46. Rxb2 Ra2
0-1

[Event "2015 Canadian Closed"]
[Site "Guelph, Ontario"]
[Date "2015.07.13"]
[Round "6.13"]
[White "Doknjas, John"]
[Black "Cai, Jason"]
[Result "1/2-1/2"]
[ECO "E48"]
[WhiteElo "2216"]
[BlackElo "2254"]
[PlyCount "82"]
[EventDate "2015.??.??"]
[SourceDate "2015.07.10"]
[TimeControl "40/5400+30:1800+30"]

1. d4 Nf6 2. c4 e6 3. Nc3 Bb4 4. e3 O-O 5. Bd3 d5 6. Nge2 c5 7. cxd5 exd5 8. a3
cxd4 9. exd4 Be7 10. O-O Bg4 11. f3 Bh5 12. Qb3 Qc7 13. g4 Bg6 14. Bxg6 hxg6
15. g5 Nh7 16. Qxd5 Qc8 17. f4 Nc6 18. Qg2 Re8 19. Bd2 Qd8 20. d5 Na5 21. Kh1
Nc4 22. Bc1 Qb6 23. b4 a5 24. bxa5 Rxa5 25. Rb1 Qc7 26. a4 Bc5 27. Qf3 Qd7 28.
Rb5 Rxb5 29. axb5 Nd6 30. Ng3 Nxb5 31. Nxb5 Qxb5 32. f5 Qd7 33. fxg6 fxg6 34.
Qd3 Re5 35. Rd1 Nf8 36. Bf4 Re8 37. Ne4 Bb6 38. Ng3 Qg4 39. Rf1 Qd7 40. Qb3 Bc5
41. Qd3 Ne6 1/2-1/2

[Event "2015 Canadian Closed"]
[Site "Guelph, Ontario"]
[Date "2015.07.13"]
[Round "6.16"]
[White "Haessel, Dale"]
[Black "Shi, Diwen"]
[Result "1/2-1/2"]
[ECO "D38"]
[WhiteElo "2274"]
[BlackElo "2214"]
[PlyCount "91"]
[EventDate "2015.??.??"]
[SourceDate "2015.07.10"]
[TimeControl "40/5400+30:1800+30"]

1. d4 Nf6 2. c4 e6 3. Nf3 d5 4. Nc3 Bb4 5. cxd5 exd5 6. Bf4 O-O 7. Rc1 c6 8. e3
Re8 9. Bd3 Nbd7 10. O-O Nf8 11. Qb3 Bd6 12. Bxd6 Qxd6 13. h3 Ng6 14. a4 a5 15.
Rc2 Nh5 16. Ne2 Qf6 17. Kh2 Qd6+ 18. Kg1 Qf6 19. Kh2 Qd6+ 20. g3 Qf6 21. Neg1
Qd6 22. Rc5 Nf6 23. Rfc1 Bd7 24. Qb6 Bc8 25. Qb3 Bd7 26. Ne2 Kf8 27. Qb6 Bc8
28. R5c2 Kg8 29. Qc5 Qd7 30. Neg1 Qc7 31. Kg2 Bd7 32. g4 Qb8 33. Ne2 b6 34. Qa3
Qc7 35. Bxg6 hxg6 36. Ne5 Rac8 37. Nf4 g5 38. Nfd3 Ne4 39. Qb3 Red8 40. Qxd5
Be6 41. Qxc6 Qb8 42. Qb5 Rxc2 43. Rxc2 Nd6 44. Qa6 Bc8 45. Rxc8 Rxc8 46. Nd7
1/2-1/2

[Event "2015 Canadian Closed"]
[Site "Guelph, Ontario"]
[Date "2015.07.13"]
[Round "6.17"]
[White "Kiviaho, Robert"]
[Black "Song, Guannan Terry"]
[Result "0-1"]
[ECO "B99"]
[WhiteElo "2161"]
[BlackElo "2202"]
[PlyCount "106"]
[EventDate "2015.??.??"]
[SourceDate "2015.07.10"]
[TimeControl "40/5400+30:1800+30"]

1. e4 c5 2. Nf3 d6 3. d4 cxd4 4. Nxd4 Nf6 5. Nc3 a6 6. Bg5 e6 7. f4 Be7 8. Qf3
h6 9. Bh4 Nbd7 10. O-O-O Qc7 11. Bd3 g5 12. fxg5 Ne5 13. Qf2 Nfg4 14. Qd2 Ng6
15. g3 Qc5 16. e5 N4xe5 17. Bxg6 Nxg6 18. Ne4 Qd5 19. Nf6+ Bxf6 20. gxf6 Bd7
21. Qe3 O-O-O 22. Nb3 Qc6 23. Qa7 Kc7 24. Rhe1 Ra8 25. Qf2 Rac8 26. g4 Nxh4 27.
Qxh4 Kb8 28. Rd2 e5 29. Qg3 h5 30. g5 Bf5 31. Qf2 Bg6 32. h4 Rhe8 33. Kb1 d5
34. Rc1 d4 35. Qg2 Qb5 36. Qh2 Ka8 37. Ka1 a5 38. Kb1 a4 39. Na1 d3 40. Qf2 a3
41. c4 axb2 42. Rc3 bxa1=Q+ 43. Kxa1 Rxc4 44. Rb2 Qa6 45. Rb6 Rxc3 46. Rxa6+
bxa6 47. Qe3 Rb8 48. Qf3+ Rb7 49. Qf1 Rc6 50. a4 d2 51. Ka2 Rd7 52. Qh1 Rdd6
53. Qd1 Bc2 0-1